 Dungeon Crawl Stone Soup version 0.31.0-32-g396128a36d (webtiles) character file.

Game seed: 10809744778230131246

11209 DildoBatman the Reanimator (level 12, -5/86 HPs)
             Began as a Formicid Conjurer on Mar 21, 2024.
             Was an Initiate of Gozag.
             Slain by a troll simulacrum (16 damage)
             ... on level 10 of the Dungeon on Mar 22, 2024.
             The game lasted 00:38:30 (10389 turns).

DildoBatman the Reanimator (Formicid Conjurer)     Turns: 10389, Time: 00:38:30

Health: -5/86      AC: 11    Str: 16      XL:     12   Next: 4%
Magic:  1/21       EV: 11    Int: 22      God:    Gozag
Gold:   99         SH: 10    Dex:  9 (13) Spells: 5/23 levels left

rFire   . . .        a - +6 war axe "Haolam" {elec, Will+ rCorr Str+3 Dex+3}
rCold   . . .        w - +0 kite shield
rNeg    . . .        G - +0 steam dragon scales
rPois   .            (helmet unavailable)
rElec   .            (no cloak)
rCorr   +            (no gloves)
SInv    +            L - +0 pair of boots
Will    ++...        h - amulet of the acrobat
Stlth   ++           k - ring of wizardry
HPRegen 0.34/turn    o - +4 ring of protection
MPRegen 0.17/turn

%: acrobat, wizardry (x1)
@: freezing walls
A: permanent stasis, dig shafts and tunnels, antennae 3, four strong arms,
clumsy 1, deterioration 1
a: Dig, Shaft Self, Renounce Religion, Potion Petition, Call Merchant, Bribe
Branch


You were on level 10 of the Dungeon.
You worshipped Gozag.
Gozag was noncommittal.
You visited 2 branches of the dungeon, and saw 11 of its levels.
You also visited: Sewer.

You collected 809 gold pieces.
You spent 450 gold pieces at shops.
You paid 260 gold pieces to Gozag.

Inventory:

Hand Weapons
 a - the +6 war axe "Haolam" (weapon) {elec, Will+ rCorr Str+3 Dex+3}
   (You took it off a goblin on level 2 of the Dungeon)

   Str+3:     It affects your strength (+3).
   Dex+3:     It affects your dexterity (+3).
   Will+:     It increases your willpower.
   rCorr:     It protects you from acid and corrosion.
 c - a +0 sling
 d - the +6 dagger "Sysov" {freeze, Fly rElec rF- SInv}
   (You found it on level 3 of the Dungeon)

   rF-:       It makes you vulnerable to fire.
   rElec:     It insulates you from electricity.
   SInv:      It lets you see invisible.
   Fly:       It grants you flight.
Missiles
 y - 15 poisoned darts
 z - a curare-tipped dart
 N - 5 datura-tipped darts
Armour
 t - the +0 tower shield of the World {Fly rPois rF- Int+6}
   (You bought it in a shop on level 4 of the Dungeon)

   Int+6:     It affects your intelligence (+6).
   rF-:       It makes you vulnerable to fire.
   rPois:     It protects you from poison Fly: It grants you flight.
 w - a +0 kite shield (worn)
 E - a +1 ring mail of fire resistance
 G - +0 steam dragon scales (worn)
 L - a +0 pair of boots (worn)
Magical Staves
 A - a staff of fire
 F - a staff of alchemy
Jewellery
 h - an amulet of the acrobat (around neck)
 k - a ring of wizardry (left hand)
 o - a +4 ring of protection (right hand)
 v - a ring of positive energy
Wands
 e - a wand of flame (6)
 D - a wand of iceblast (9)
Scrolls
 b - a scroll of brand weapon {unknown}
 j - a scroll of blinking {unknown}
 l - a scroll of teleportation {unknown}
 m - 5 scrolls of enchant weapon
 n - 2 scrolls of enchant armour
 r - a scroll of amnesia
 s - a scroll of butterflies {unknown}
 u - 3 scrolls of immolation {unknown}
 C - a scroll of fear {unknown}
 I - 4 scrolls of identify
 O - 2 scrolls of poison {unknown}
Potions
 f - a potion of berserk rage {unknown}
 g - 2 potions of ambrosia {unknown}
 i - 2 potions of curing
 p - 3 potions of heal wounds {unknown}
 q - 2 potions of enlightenment
 x - a potion of invisibility {unknown}
 B - 2 potions of resistance {unknown}
 H - a potion of degeneration {unknown}
 J - a potion of brilliance {unknown}
 K - a potion of attraction {unknown}
 M - 2 potions of might {unknown}


   Skills:
 - Level 5.0 Fighting
 - Level 5.0 Armour
 - Level 3.0 Dodging
 - Level 4.0 Stealth
 - Level 9.0 Shields
 - Level 6.0 Spellcasting
 - Level 6.0 Conjurations
 * Level 10.4 Necromancy
 - Level 8.0 Ice Magic


You had 5 spell levels left.
You knew the following spells:

 Your Spells              Type           Power      Damage    Failure   Level
a - Searing Ray           Conj           66%        2d6       1%          2
b - Frozen Ramparts       Ice            82%        1d13      1%          3
c - Magic Dart            Conj           100%       1d8       1%          1
d - Vampiric Draining     Necr           51%        2d9       1%          3
e - Mephitic Cloud        Conj/Alch/Air  15%        N/A       11%         3
h - Dispel Undead         Necr           51%        3d19      1%          4
z - Sublimation of Blood  Necr           51%        N/A       1%          2

Your spell library contained the following spells:

 Spells                   Type           Power      Damage    Failure   Level
 Freeze                   Ice            100%       1d10      1%          1
 Kiss of Death            Conj/Necr      100%       2d13      1%          1
 Fugue of the Fallen      Necr           51%        N/A       1%          3
 Hailstorm                Conj/Ice       37%        3d9       1%          3
 Shock                    Conj/Air       76%        1d7       2%          1
 Sting                    Conj/Alch      76%        1d7       2%          1
 Momentum Strike          Conj/Tloc      38%        3d9       3%          2
 Curse of Agony           Necr           51%        N/A       3%          5
 Anguish                  Hex/Necr       14%        N/A       10%         4
 Call Imp                 Summ           12%        N/A       12%         2
 Lesser Beckoning         Tloc           12%        N/A       12%         2
 Mercury Vapours          Alch/Air       12%        N/A       12%         2
 Fulminant Prism          Conj/Alch      9%         3d7       22%         4
 Iskenderun's Mystic Bla  Conj/Tloc      19%        2d6       22%         4
 Volatile Blastmotes      Fire/Tloc      12%        2d11      24%         3
 Borgnjor's Vile Clutch   Necr/Erth      14%        N/A       26%         5
 Freezing Cloud           Conj/Ice/Air   13%        6-21      32%         5
 Metabolic Englaciation   Hex/Ice        12%        N/A       38%         5
 Airstrike                Air            3%         2d(1-17)  58%         4
 Leda's Liquefaction      Alch/Erth      3%         N/A       58%         4
 Olgreb's Toxic Radiance  Alch           6%         N/A       58%         4
 Petrify                  Alch/Erth      6%         N/A       58%         4
 Blink                    Tloc           Unusable   N/A       N/A         2
 Swiftness                Air            Unusable   N/A       N/A         3

Dungeon Overview and Level Annotations

Branches:
Dungeon (10/15)            Temple (1/1) D:7           Sewer (visited)
   Lair: D:8-11         Orc: D:9-12

Altars:
Ashenzari
Cheibriados
Dithmenos
Elyvilon
Fedhas
Gozag
Hepliaklqana
Kikubaaqudgha
Makhleb
Nemelex Xobeh
Okawaru
Qazlal
Ru
Sif Muna
Trog
Uskayaw
Vehumet
Wu Jian
Xom
Yredelemnul
Zin
The Shining One

Shops:
D:4 [?!(!   D:6 ?:[   D:7 *

Annotations:
D:7 exclusion: water elemental


Innate Abilities, Weirdness & Mutations

You cannot be hasted, slowed, berserked, paralysed or teleported.
You can dig through walls and to a lower floor.
You have a pair of large antennae on your head. (SInv)
Your four strong arms can wield two-handed weapons with a shield.
You are clumsy. (Dex -2)
Your body sometimes deteriorates upon taking damage.


Message History

The wall freezes the gnoll sergeant!
The gnoll sergeant hits you from afar with a +0 spear.
Casting: Vampiric Draining (safe; 1% risk of failure)
Confirm with . or Enter, or press ? or * to list all spells.
You can't see any susceptible monsters within range! (Use Z to cast anyway.)
Casting: Vampiric Draining (safe; 1% risk of failure)
Confirm with . or Enter, or press ? or * to list all spells.
Aiming: Dispel Undead (mildly dangerous; 1% risk of failure)
Press: ? - help, Shift-Dir - straight line, f - troll simulacrum
Aim: a troll simulacrum (100% to hit)
The troll simulacrum is dispelled!
The steam dragon simulacrum completely resists.
The wall freezes the steam dragon simulacrum but does no damage.
The wall freezes the gnoll sergeant!
You kill the gnoll sergeant!
Kikubaaqudha cackles.
A gnoll sergeant zombie comes into view.
Casting: Dispel Undead (mildly dangerous; 1% risk of failure)
Confirm with . or Enter, or press ? or * to list all spells.
You don't have enough magic to cast this spell.
You barely miss the troll simulacrum.
The troll simulacrum is severely damaged.
The killer bee zombie completely resists.
The wall freezes the killer bee zombie but does no damage.
The troll simulacrum completely resists.
The wall freezes the troll simulacrum but does no damage.
The troll simulacrum misses you. The troll simulacrum claws you!
The troll simulacrum freezes you!
The troll simulacrum claws you but does no damage.
The wall freezes the acid dragon.
The killer bee zombie resists.
The wall freezes the killer bee zombie.
The troll simulacrum completely resists.
The wall freezes the troll simulacrum but does no damage.
The troll simulacrum barely misses you. The troll simulacrum claws you.
The troll simulacrum freezes you!
You die...
Your body crumbles into a pile of gold.

#.# #(# #.# #..#
#.# #..# #.#
#..# #.# #..#
#$# #..# #..#
#@# #..#
#..######Z# #..#
#......VZD# #..#
#.....{ZCZ######
#..#
#.######.ZZ.....
...#####.#
#'''#....
.........# #...#
### .........#
..#..#
..######.#
,.###..{


You could see a cyclops, an acid dragon, a steam dragon simulacrum, a troll
simulacrum, 2 killer bee zombies, a gnoll sergeant zombie and a centaur zombie.

Vanquished Creatures
  A two-headed ogre (D:9)
  Pikel (D:7)
  Joseph (D:8)
  An unseen horror (D:10)
  A troll (D:10)
  3 hornets
  A queen bee (D:10)
  The ghost of onwiheg the Magician, an amateur DjCj (D:4)
  A wraith (D:9)
  A vampire (D:10)
  14 yaks
  2 steam dragons
  Edmund (D:5)
  An acid dragon (D:9)
  A water moccasin (D:7)
  Duvessa (D:7)
  2 ice beasts
  3 black bears
  2 orc warriors (D:10)
  2 sky beasts (D:7)
  3 ogres (D:5)
  3 centaurs
  3 lemures
  3 kobold brigands
  4 bullfrogs
  A wyvern zombie (D:4)
  2 brain worms (Sewer)
  4 scorpions
  3 gnoll sergeants
  A burial acolyte (D:7)
  A water moccasin zombie (D:4)
  Dowan (D:7)
  6 wights
  26 killer bees
  7 howler monkeys
  2 hounds
  6 orc priests
  A jelly (D:6)
  A bullfrog skeleton (D:4)
  A centaur skeleton (D:4)
  3 sleepcaps
  3 iguanas
  5 orc wizards
  A killer bee zombie (D:4)
  A hound zombie (D:7)
  9 gnolls
  12 adders
  7 river rats
  2 shadow imps (D:7)
  4 white imps
  4 ufetubi (D:6)
  3 adder zombies
  An orc zombie (D:5)
  4 dart slugs
  5 ribbon worms
  24 orcs
  4 endoplasms
  2 giant cockroaches
  6 goblins
  8 hobgoblins
  4 jackals
  6 quokkas
  9 ball pythons
  6 bats
  10 frilled lizards
  3 gnoll zombies (D:7)
  15 kobolds
  A kobold zombie (D:7)
  10 rats
292 creatures vanquished.

Notes
Turn   | Place    | Note
-------+----------+-------------------------------------------
     0 | D:1      | DildoBatman the Formicid Conjurer began the quest for the
                  | Orb.
     0 | D:1      | Reached XP level 1. HP: 13/13 MP: 3/3
   237 | D:1      | Reached XP level 2. HP: 20/20 MP: 0/5
   371 | D:1      | Learned a level 2 spell: Searing Ray
   390 | D:1      | Reached skill level 1 in Fighting
   462 | D:1      | Reached XP level 3. HP: 26/26 MP: 6/6
   689 | D:2      | Reached skill level 1 in Armour
   781 | D:2      | Identified the +6 war axe "Haolam" {elec, Will+ rCorr Str+3
                  | Dex+3}
   872 | D:2      | Reached XP level 4. HP: 32/32 MP: 3/7
  1550 | D:3      | Found a broken altar of Ashenzari.
  1626 | D:3      | Identified the +6 dagger "Sysov" {freeze, Fly rElec rF-
                  | SInv}
  1855 | D:3      | Reached XP level 5. HP: 32/38 MP: 3/9
  2182 | D:4      | Found a runed translucent gate.
  2182 | D:4      | Found a runed translucent gate.
  2182 | D:4      | Found a runed translucent gate.
  2261 | D:4      | Found Nejopeah's Antique Armour Emporium.
  2286 | D:4      | Reached XP level 6. HP: 45/45 MP: 4/10
  2417 | D:4      | Found Acecirha's Magic Scroll Shoppe.
  2426 | D:4      | Bought a scroll of identify for 24 gold pieces
  2466 | D:4      | Found Nyuwafin's Distillery.
  2597 | D:4      | Noticed onwiheg's ghost (amateur DjCj)
  2757 | D:4      | Found Jiaxaum's Distillery.
  2814 | D:4      | Found Testreut's Antique Weapon Boutique.
  2991 | D:5      | Entered Level 5 of the Dungeon
  3156 | D:6      | Found Pyrgh's Antique Armour Boutique.
  3190 | D:6      | Reached XP level 7. HP: 40/51 MP: 5/12
  3306 | D:6      | Found a glowing drain.
  3318 | Sewer    | Entered a sewer
  3753 | Sewer    | Reached skill level 5 in Conjurations
  3753 | Sewer    | Reached XP level 8. HP: 42/60 MP: 5/14
  4517 | D:6      | Found Xadec's Magic Scroll Emporium.
  4625 | D:6      | Found Ogogeg's Book Shoppe.
  5255 | D:7      | Found a staircase to the Ecumenical Temple.
  5265 | D:7      | Reached skill level 5 in Spellcasting
  5309 | D:7      | Reached skill level 5 in Fighting
  5309 | D:7      | Reached skill level 5 in Armour
  5352 | D:7      | Reached XP level 9. HP: 60/68 MP: 3/17
  5452 | Temple   | Entered the Ecumenical Temple
  5675 | D:7      | Found a glowing silver altar of Zin.
  5815 | D:7      | Noticed Pikel
  5997 | D:7      | Learned a level 3 spell: Frozen Ramparts
  6025 | D:7      | Found Xenage's General Store.
  6359 | D:7      | Found a stormy altar of Qazlal.
  6489 | D:7      | Found an ancient bone altar of Kikubaaqudgha.
  6502 | D:7      | Reached skill level 1 in Ice Magic
  6503 | D:7      | Became a worshipper of Kikubaaqudgha
  6511 | D:7      | Noticed Dowan
  6893 | D:7      | Killed Pikel
  6894 | D:7      | Reached skill level 5 in Ice Magic
  7010 | D:7      | Noticed Duvessa
  7023 | D:7      | Killed Duvessa
  7024 | D:7      | Killed Dowan
  7197 | D:8      | Reached XP level 10. HP: 57/74 MP: 0/19
  7199 | D:8      | Reached * piety under Kikubaaqudgha
  7199 | D:8      | Received a gift from Kikubaaqudgha
  7204 | D:8      | Reached skill level 1 in Necromancy
  7205 | D:8      | HP: 2/74 [centaur/arrow (11)]
  7347 | D:7      | Reached skill level 2 in Necromancy
  7379 | D:7      | Reached skill level 3 in Necromancy
  7478 | D:8      | Learned a level 2 spell: Sublimation of Blood
  7482 | D:8      | Learned a level 3 spell: Vampiric Draining
  7508 | D:8      | Noticed Joseph
  7533 | D:9      | Reached skill level 4 in Necromancy
  7685 | D:9      | Found a radiant altar of Vehumet.
  7685 | D:9      | Found a hide-covered altar of Uskayaw.
  7733 | D:9      | Reached skill level 5 in Necromancy
  7772 | D:9      | Learned a level 3 spell: Mephitic Cloud
  7853 | D:9      | Reached skill level 1 in Shields
  7884 | D:9      | Noticed a two-headed ogre
  7927 | D:8      | Killed Joseph
  8235 | D:8      | Reached XP level 11. HP: 71/79 MP: 17/20
  8468 | D:9      | Killed a two-headed ogre
  8468 | D:9      | Reached ** piety under Kikubaaqudgha
  8469 | D:9      | Reached skill level 6 in Necromancy
  8655 | D:10     | Entered Level 10 of the Dungeon
  8666 | D:10     | Reached skill level 7 in Necromancy
  8787 | D:10     | Reached skill level 8 in Necromancy
  8824 | D:10     | Reached *** piety under Kikubaaqudgha
  8824 | D:10     | Received a gift from Kikubaaqudgha
  8869 | D:9      | Fell from the grace of Kikubaaqudgha
  8939 | Temple   | Became a worshipper of Gozag Ym Sagoz the Greedy
  8945 | Temple   | Learned a level 4 spell: Dispel Undead
  9391 | D:5      | Reached skill level 9 in Necromancy
  9527 | D:5      | Noticed Edmund
  9535 | D:5      | Killed Edmund
  9984 | D:4      | Killed onwiheg's ghost
 10074 | D:4      | Bought a potion of mutation for 80 gold pieces
 10074 | D:4      | Gained mutation: You are covered in fur. (AC +1) [potion of
                  | mutation]
 10075 | D:4      | Lost mutation: You are covered in fur. (AC +1) [potion of
                  | mutation]
 10075 | D:4      | Gained mutation: You occasionally lose the ability to drink
                  | potions when taking damage. [potion of mutation]
 10075 | D:4      | Gained mutation: You are agile. (Dex +4, Str/Int -1)
                  | [potion of mutation]
 10076 | D:4      | Lost mutation: You are agile. (Dex +4, Str/Int -1) [potion
                  | of mutation]
 10076 | D:4      | Lost mutation: You occasionally lose the ability to drink
                  | potions when taking damage. [potion of mutation]
 10076 | D:4      | Gained mutation: Your body sometimes deteriorates upon
                  | taking damage. [potion of mutation]
 10076 | D:4      | Gained mutation: Your body often deteriorates upon taking
                  | damage. [potion of mutation]
 10076 | D:4      | Gained mutation: Your mind is acute. (Int +4, Str/Dex -1)
                  | [potion of mutation]
 10077 | D:4      | Lost mutation: Your body often deteriorates upon taking
                  | damage. [potion of mutation]
 10077 | D:4      | Lost mutation: Your mind is acute. (Int +4, Str/Dex -1)
                  | [potion of mutation]
 10077 | D:4      | Gained mutation: You are clumsy. (Dex -2) [potion of
                  | mutation]
 10134 | D:4      | Bought a pitted tower shield for 199 gold pieces
 10134 | D:4      | Identified the +0 tower shield of the World {Fly rPois rF-
                  | Int+6} (You bought it in a shop on level 4 of the Dungeon)
 10134 | D:4      | Bought a polished leather armour for 147 gold pieces
 10134 | D:4      | Identified the +0 leather armour of Vunyawny {*Slow Str+2
                  | Dex+5 SInv} (You bought it in a shop on level 4 of the
                  | Dungeon)
 10373 | D:10     | Reached skill level 10 in Necromancy
 10380 | D:10     | Noticed a cyclops
 10387 | D:10     | Reached XP level 12. HP: 32/86 MP: 8/21
 10389 | D:10     | Slain by a troll simulacrum

Illustrated notes

Levels and vault maps discovered:
D:1:      heliophobic_arrival_dark_side_of_the_moon, layout_rooms,
          serial_bayou_pond_b
D:2:      layout_basic
D:3:      minmay_general_purpose_star, layout_basic,
          mainiacjoe_overflow_alcove_1, minmay_misc_feat_hallway,
          minmay_box_of_dots
D:4:      layout_cave_pods, serial_shops, shop, nicolae_diamond_shop,
          nicolae_shop_waterfront, nicolae_shop_window_shopping,
          nicolae_square_shop, gammafunk_ghost_necromancy
D:5:      layout_cave_pods, kennysheep_small_spiral, uniq_edmund
D:6:      layout_basic, serial_shops, shop, shop, nicolae_book_shop_shelving,
          portal_sewer_entry_a
D:7:      layout_loops_corners, regret_index_kikubaaqudgha_part_by_part,
          zin_academy, nicolae_qazlal_style_of_elements,
          minmay_temple_entry_large_hall, serial_shops,
          nicolae_shop_real_fake_doors, uniq_pikel, uniq_duvessa
D:8:      layout_rooms, uniq_joseph
D:9:      layout_basic, gammafunk_temple_overflow_statue,
          dreamdust_mushroom_princess
D:10:     layout_long_grid, erik_lair_orcish_takeover, special_room
          [special_room_bee], kennysheep_kite_vault, uniq_maurice
Temple:   eino_temple_scatter_basement

Skill      XL: |  1  2  3  4  5  6  7  8  9 10 11 |
---------------+----------------------------------+-----
Fighting       | 1 2 3 5 |  5.0
Dodging        | 2 3 |  3.0
Armour         | 1 2 3 5 |  5.0
Stealth        | 3 4 |  4.0
Conjurations   | 4 5 6 |  6.0
Spellcasting   | 3 4 5 6 |  6.0
Ice Magic      | 7 8 |  8.0
Necromancy     | 5 10 | 10.4
Shields        | 7 9 |  9.0

Action                     |  1- 3 |  4- 6 |  7- 9 | 10-12 || total
---------------------------+-------+-------+-------+-------++-------
  Melee: Short sword       |     9 |       |       |       ||     9
         War axe           |       |    26 |   121 |   152 ||   299
         Dagger            |       |    16 |       |       ||    16
         Punch             |       |       |     3 |       ||     3
   Fire: Sling             |    71 |    71 |       |       ||   142
   Cast: Magic Dart        |    27 |     8 |    25 |     2 ||    62
         Searing Ray       |     3 |    15 |    52 |    20 ||    90
         Frozen Ramparts   |       |       |     5 |    35 ||    40
         Sublimation of Bl |       |       |       |     4 ||     4
         Vampiric Draining |       |       |       |    15 ||    15
         Dispel Undead     |       |       |       |     3 ||     3
 Invoke: Renounce Religion |       |       |       |     1 ||     1
Ability: Dig               |       |       |       |     3 ||     3
    Use: Scroll            |       |     5 |     3 |       ||     8
         Potion            |       |       |     1 |     5 ||     6
   Stab: Sleeping          |       |       |       |     1 ||     1
 Armour: Robe              |    13 |    39 |    83 |    26 ||   161
         Steam dragon scal |       |       |       |   125 ||   125
  Dodge: Dodged            |    24 |    89 |   177 |   147 ||   437
  Block: Kite shield       |       |       |       |   126 ||   126
